 Dungeon Crawl Stone Soup version 0.28-a0-258-g8de209e91f (webtiles) character file.

Game seed: 2989236063486703656

65 Tocho the Insei (level 3, -3/29 HPs)
             Began as a Draconian Transmuter on Aug 26, 2021.
             Killed from afar by a steam dragon (10 damage)
             ... with a ball of steam
             ... on level 5 of the Dungeon.
             The game lasted 00:05:26 (2210 turns).

Tocho the Insei (Draconian Transmuter)              Turns: 2210, Time: 00:05:27

Health: -3/29      AC:  5    Str: 12    XL:     3   Next: 94%
Magic:  3/6        EV: 12    Int: 13    God:
Gold:   54         SH:  0    Dex: 12    Spells: 3/6 levels left

rFire   . . .      SeeInvis .     - Unarmed
rCold   . . .      Faith    .   (no shield)
rNeg    . . .      Spirit   .   (armour unavailable)
rPois   .          Reflect  .   (helmet currently unavailable)
rElec   .          Harm     .   (no cloak)
rCorr   .          Rampage  .   (no gloves)
Will    .....                   (boots currently unavailable)
Stlth   +.........              (no amulet)
HPRegen 0.09/turn               (no ring)
MPRegen 0.10/turn               (no ring)

@: appendages (expiring), wereblooded
A: horns 2, talons 2, AC +5, unfitting armour, cold-blooded
a: End Transformation


You were on level 5 of the Dungeon.
You had temporarily grown beastly horns and talons.
You visited 1 branch of the dungeon, and saw 4 of its levels.

You collected 54 gold pieces.

Inventory:

Armour
 d - a +0 pair of boots (melded)
Potions
 a - a potion of degeneration {unknown}
 b - a potion of mutation {unknown}
 c - a potion of lignification {unknown}


   Skills:
 * Level 1.8 Fighting
 * Level 3.0 Dodging
 + Level 0.1 Stealth
 + Level 3.3 Unarmed Combat
 + Level 2.2 Spellcasting
 + Level 2.2 Transmutations


You had 3 spell levels left.
You knew the following spells:

 Your Spells              Type           Power      Damage    Failure   Level
a - Beastly Appendage     Tmut           14%        N/A       10%         1
b - Wereblood             Tmut           7%         N/A       16%         2

Your spell library contained the following spells:

 Spells                   Type           Power      Damage    Failure   Level
 Shock                    Conj/Air       4%         1d3       26%         1
 Spider Form              Tmut/Pois      2%         N/A       43%         3
 Ice Form                 Ice/Tmut       4%         N/A       85%         4


Dungeon Overview and Level Annotations

Branches:
Dungeon (5/15)
 Temple: D:4-7

Altars:


Innate Abilities, Weirdness & Mutations

You have temporarily grown beastly horns and talons.
Your plain brown scales are hard. (AC +5)
You cannot fit into any form of body armour.
You are cold-blooded and may be slowed by cold attacks.


Message History

The kobold closely misses you. The steam dragon bites you.
The steam dragon closely misses you.
The hobgoblin hits you but does no damage.
You climb downwards.
There is a stone staircase leading up here.
The hobgoblin hits you but does no damage.
The hobgoblin hits you.
Casting: Wereblood (safe; 16% risk of failure)
Confirm with . or Enter, or press ? or * to list all spells.
You grow a pair of large bovine horns.
Your feet morph into talons.
Your +0 pair of boots melds into your body.
The kobold closely misses you.
You closely miss the kobold. The kobold barely misses you.
You hit the kobold but do no damage. You claw the kobold, but do no damage.
The kobold hits you with a +0 dagger.
* * * LOW HITPOINT WARNING * * *
Casting: Beastly Appendage (safe; 10% risk of failure)
Confirm with . or Enter, or press ? or * to list all spells.
Your blood is infused with primal strength.
The kobold hits you but does no damage.
You barely miss the kobold. Your kick misses the kobold.
Your tail-slap misses the kobold.
The kobold hits you with a +0 dagger.
* * * LOW HITPOINT WARNING * * *
You closely miss the kobold. Your headbutt misses the kobold.
The kobold hits you with a +0 dagger.
* * * LOW HITPOINT WARNING * * *
You barely miss the kobold.
Your tail-slap misses the kobold.
Your transformation is almost over.
You barely miss the kobold. You claw the kobold.
You feel a bit better.
You kill the kobold!
You hit the hobgoblin.
The hobgoblin is lightly wounded.
The hobgoblin hits you.
* * * LOW HITPOINT WARNING * * *
You closely miss the hobgoblin. You headbutt the hobgoblin.
You tail-slap the hobgoblin.
You feel a bit better.
You kill the hobgoblin!
The steam dragon breathes steam at you. The ball of steam hits you!
You die...

..#..#
.##.... #
...... .#
...# #.#
#.###..#
##..<...#
##......##
##§D####.#
#@### #.#
.......##
## .......
.#####. ##


You could see a steam dragon (catching breath).

Vanquished Creatures
  A hound (D:5)
  A gnoll (D:1)
  2 bats (D:2)
  2 endoplasms (D:1)
  2 giant cockroaches (D:2)
  3 goblins (D:1)
  5 hobgoblins
  2 kobolds
  3 quokkas
  2 frilled lizards
  A rat (D:1)
24 creatures vanquished.

Notes
Turn   | Place    | Note
-------+----------+-------------------------------------------
     0 | D:1      | Tocho the Draconian Transmuter began the quest for the Orb.
     0 | D:1      | Reached XP level 1. HP: 16/16 MP: 3/3
   615 | D:2      | Reached XP level 2. HP: 16/23 MP: 3/5
   625 | D:2      | Learned a level 2 spell: Wereblood
  1389 | D:1      | Reached XP level 3. HP: 28/28 MP: 6/6
  1867 | D:2      | Found a faded altar of an unknown god.
  1875 | D:2      | Got Plato's Guide on Conjuration
  1882 | D:2      | You fall into a shaft and drop 2 floors!
  1882 | D:4      | Noticed a steam dragon
  1899 | D:5      | Entered Level 5 of the Dungeon
  2210 | D:5      | Killed from afar by a steam dragon

Illustrated notes

Levels and vault maps discovered:
D:1:      giann_horns, layout_rooms, lemuel_old_faithful
D:2:      layout_basic, shapermc_ecumenical_altar_rom_forum,
          grunt_decor_junction
D:4:      layout_basic, nicolae_qazlal_scattered_showers, serial_shops, shop
D:5:      layout_layer_cave, mainiacjoe_overflow_small_starburst,
          nicolae_overflow_hidden_temple, chequers_jeans, grunt_decor_resistance

Skill      XL: |  1  2  3 |
---------------+----------+-----
Dodging        | 2 3 |  3.0
Fighting       | |  1.8
Stealth        | |  0.1
Unarmed Combat | |  3.3
Spellcasting   | |  2.2
Transmutations | |  2.2

Action                   || total
-------------------------++-------
Melee: Unarmed           ||    93
       Kick              ||    12
       Tailslap          ||    10
       Headbutt          ||     6
       Punch             ||     1
 Cast: Beastly Appendage ||    10
       Wereblood         ||     3
Armor: Skin              ||    58
Dodge: Dodged            ||   152

Table legend: (Time is in decaauts)
 A = Elapsed time spent in this place.
 B = Non-inter-level travel time spent in this place.
 C = Inter-level travel time spent in this place.
 D = Time resting spent in this place.
 E = Time spent auto-exploring this place.
 F = Levels seen in this place.
 G = Mean time per level.
                   A        B        C        D        E       F      G
               +--------+--------+--------+--------+--------+-----+--------+
         Total |   2214 |   2193 |     21 |   1076 |    735 |   4 |  553.5 |
       Dungeon |   2214 |   2193 |     21 |   1076 |    735 |   4 |  553.5 |
               +--------+--------+--------+--------+--------+-----+--------+

Top non-repeatable levels by time:
     D:1: 995 daAuts
     D:2: 891 daAuts
     D:5: 308 daAuts
     D:4: 18 daAuts
